 Dungeon Crawl Stone Soup version 0.29.1-15-g9cfb28693d (webtiles) character file.

Game seed: 8251474985003352994

10 H0rd4k the Charlatan (level 2, -3/18 HPs)
             Began as an Octopode Artificer on Mar 7, 2023.
             Slain by a worm (6 damage)
             ... on level 2 of the Dungeon.
             The game lasted 00:00:36 (1097 turns).

H0rd4k the Charlatan (Octopode Artificer)           Turns: 1097, Time: 00:00:37

Health: -3/18      AC:  1    Str: 11    XL:     2   Next: 20%
Magic:  3/3        EV: 13    Int: 13    God:
Gold:   58         SH:  0    Dex: 12    Spells: 3/3 levels left

rFire   . . .      SeeInvis .   (no weapon)
rCold   . . .      Faith    .   (no shield)
rNeg    . . .      Spirit   .   (helmet restricted)
rPois   .          Reflect  .   (no amulet)
rElec   .          Harm     .   (no ring)
rCorr   .          Rampage  .   (no ring)
Will    .....                   (no ring)
Stlth   +++.......              (no ring)
HPRegen 0.06/turn               (no ring)
MPRegen 0.08/turn               (no ring)
                                (no ring)
                                (no ring)

@: no status effects
A: almost no armour, amphibious, 8 rings, camouflage 1, gelatinous body 1,
(nimble swimmer 1), tentacles
a: no special abilities


You were on level 2 of the Dungeon.
You visited 1 branch of the dungeon, and saw 2 of its levels.

You collected 58 gold pieces.

Inventory:

Missiles
 f - 3 poisoned darts
Jewellery
 i - a ring of poison resistance
Wands
 b - a wand of flame (15) (quivered)
 c - a wand of charming (15)
 d - a wand of iceblast (5)
Scrolls
 j - a scroll of noise {unknown}
 k - a scroll of amnesia {unknown}
Potions
 a - a potion of lignification {unknown}
 e - a potion of brilliance {unknown}
 g - a potion of heal wounds {unknown}
 h - 2 potions of cancellation {unknown}
 l - 3 potions of curing {unknown}


   Skills:
 * Level 1.6 Fighting
 - Level 2.3 Dodging
 - Level 1.3 Stealth
 + Level 0.2 Unarmed Combat
 * Level 1.0 Spellcasting
 - Level 3.2 Evocations


You had 3 spell levels left.
You didn't know any spells.
Your spell library was empty.

Dungeon Overview and Level Annotations

Branches:
Dungeon (2/15)

Altars:


Innate Abilities, Weirdness & Mutations

You cannot wear most types of armour.
You are amphibious.
You can wear up to eight rings at the same time.
Your skin changes colour to match your surroundings (Stealth+).
Your rubbery body absorbs attacks. (AC +1, EV +1)
((You are camouflaged when in or above water. (Stealth+)))
You have tentacles for arms and can constrict up to eight enemies at once.


Message History

You tentacle-slap the quokka. Your grab misses the quokka.
You squeeze the quokka.
The quokka is heavily wounded.
The quokka barely misses you.
A quokka is nearby!
A quokka is nearby!
A quokka is nearby!
A quokka is nearby!
You tentacle-slap the quokka. Your grab misses the quokka.
Your squeeze misses the quokka.
The quokka is severely wounded.
The quokka closely misses you.
You tentacle-slap the quokka.
You kill the quokka!
You now have 58 gold pieces (gained 6).
You open the door.
There is an open door here.
l - 3 fizzy purple potions (gained 2)
A worm comes into view.
A worm is nearby!
A worm is nearby!
Found a stone staircase leading down.
A worm is nearby!
The worm bites you!
You tentacle-slap the worm but do no damage.
You grab the worm. You constrict the worm. You tentacle-slap the worm.
You squeeze the worm.
The worm is moderately wounded.
You constrict the worm. The worm closely misses you.
You tentacle-slap the worm.
The worm is moderately wounded.
You constrict the worm. The worm bites you!
* * * LOW HITPOINT WARNING * * *
You tentacle-slap the worm but do no damage.
The worm is moderately wounded.
You constrict the worm. You tentacle-slap the worm.
The worm is heavily wounded.
You constrict the worm. The worm bites you.
You die...

>.. .. .. . .#
. #####.#.#
+.....#.#
#......#
#...w..#
#..@...#
####......#
#.........#
#.#####.### #.#
#.### #.# #...
#.#####.####
##'#......<.#
#...........#.#


You could see a worm.

Vanquished Creatures
  A dart slug (D:1)
  A giant cockroach (D:1)
  2 goblins (D:1)
  2 quokkas
  A rat (D:1)
7 creatures vanquished.

Notes
Turn   | Place    | Note
-------+----------+-------------------------------------------
     0 | D:1      | H0rd4k the Octopode Artificer began the quest for the Orb.
     0 | D:1      | Reached XP level 1. HP: 13/13 MP: 1/1
   669 | D:1      | Found a faded altar of an unknown god.
   710 | D:1      | Reached skill level 1 in Spellcasting
   710 | D:1      | Reached XP level 2. HP: 6/18 MP: 3/3
  1097 | D:2      | Slain by a worm

Illustrated notes

Levels and vault maps discovered:
D:1:      amcnicky_arrival_flooded_fountain, layout_rooms,
          dreamdust_ecumenical_altar_angels_and_demons
D:2:      layout_basic

Skill      XL: |  1 |
---------------+----+-----
Spellcasting   | 1 |  1.0
Fighting       | |  1.6
Dodging        | |  2.3
Stealth        | |  1.3
Unarmed Combat | |  0.2
Evocations     | |  3.2

Action                   || total
-------------------------++-------
Melee: Unarmed           ||    25
       Constrict         ||     7
       Tentacles         ||     7
 Stab: Sleeping          ||     2
Dodge: Dodged            ||    11
